 Seeded DCSS version 0.30.1-9-gdf580d7c3d (webtiles) character file.

Game seed: 509918 (custom seed)

26310 lonewolfV2 the Cruncher (level 12, -1/100 HPs)
             Began as a Demonspawn Berserker on Sept 21, 2023.
             Was an Elder of Trog.
             Killed by divine providence
             ... invoked by a meliai
              (10 damage)
             ... on level 14 of the Dungeon on Sept 25, 2023.
             The game lasted 00:33:18 (15801 turns).

lonewolfV2 the Cruncher (Demonspawn Berserker)     Turns: 15801, Time: 00:33:19

Health: -1/100     AC:  5    Str: 23    XL:     12   Next: 97%
Magic:  0/12       EV: 23    Int:  9    God:    Trog [****..]
Gold:   796        SH:  0    Dex: 13    Spells: 11/11 levels left

rFire   . . .        s - +12 quarterstaff of Jifu {flame, *Noise rPois SInv}
rCold   + . .        (shield currently unavailable)
rNeg    . . .        b - +0 animal skin
rPois   +            (no helmet)
rElec   .            (no cloak)
rCorr   .            I - +2 pair of gloves of Sin {rC+}
SInv    +            (no boots)
Will    +++..        w - amulet "Mocwikha" {Spirit +Inv rPois Will+ Int-5}
Stlth   +++          D - +6 ring of intelligence
HPRegen 1.36/turn    u - +5 ring of evasion
MPRegen 0.13/turn

%: guardian spirit
@: lethally poisoned (-1 -> -6), strong-willed, regenerating
A: repulsion field 1, ignite blood 2, spiny 2, demonic touch 1
a: Renounce Religion, Evoke Invisibility, Berserk, Trog's Hand, Brothers in Arms


You were on level 14 of the Dungeon.
You worshipped Trog.
Trog was greatly pleased with you.
You visited 1 branch of the dungeon, and saw 14 of its levels.
You also visited: Sewer.

You collected 796 gold pieces.

Inventory:

Hand Weapons
 s - the +12 quarterstaff of Jifu (weapon) {flame, *Noise rPois SInv}
   (You found it on level 5 of the Dungeon)

   rPois:     It protects you from poison.
   SInv:      It lets you see invisible.
   *Noise:    It may make noises in combat.
Missiles
 v - 2 throwing nets (quivered)
Armour
 b - a +0 animal skin (worn)
 I - the +2 pair of gloves of Sin (worn) {rC+}
   (You acquired it on level 11 of the Dungeon)

   rC:        It protects you from cold.
Jewellery
 c - a ring of see invisible
 u - a +5 ring of evasion (right hand)
 w - the amulet "Mocwikha" (around neck) {Spirit +Inv rPois Will+ Int-5}
   (You took it off a gnoll sergeant on level 8 of the Dungeon)

   [amulet of guardian spirit]

   It causes incoming damage to be divided between your reserves of health and
   magic.
   Int:       It affects your intelligence (-5).
   rPois:     It protects you from poison.
   +Inv:      It lets you turn invisible.
   Will:      It increases your willpower.
 D - a +6 ring of intelligence (left hand)
 K - a ring of magical power
Wands
 m - a wand of paralysis (23)
 y - a wand of flame (18)
 z - a wand of mindburst (16)
 H - a wand of roots (3)
Scrolls
 d - 4 scrolls of noise
 i - 3 scrolls of fear
 k - 5 scrolls of poison
 n - 6 scrolls of teleportation
 o - 4 scrolls of enchant weapon
 r - 4 scrolls of fog
 A - 6 scrolls of immolation
 B - 3 scrolls of magic mapping
 C - 3 scrolls of blinking
 J - a scroll of enchant armour
Potions
 a - 2 potions of heal wounds
 e - 2 potions of haste
 f - 2 potions of cancellation
 g - a potion of ambrosia
 h - 3 potions of invisibility
 j - 4 potions of curing
 l - 8 potions of mutation
 p - a potion of lignification
 q - 2 potions of resistance
 t - 2 potions of magic
 x - 2 potions of attraction
 E - a potion of brilliance
 G - 3 potions of degeneration
 L - a potion of might
 N - a potion of flight {unknown}


   Skills:
 + Level 11.0 Fighting
 + Level 6.2 Axes
 + Level 12.8 Staves
 + Level 2.0 Armour
 + Level 9.3 Dodging
 + Level 7.1 Stealth


You had 11 spell levels left.
You didn't know any spells.
Your spell library was empty.

Dungeon Overview and Level Annotations

Branches:
Dungeon (14/15)            Temple (0/1) D:6            Lair (0/5) D:9
    Orc (0/2) D:10         Vaults (0/5) D:14          Sewer (visited)

Altars:
Hepliaklqana
Makhleb
Okawaru
Qazlal
Trog

Shops:
D:5 :!:   D:11 *   D:12 (

Annotations:
D:9 2 transporters, arthad's ghost, journeyman GnWn


Innate Abilities, Weirdness & Mutations

You are surrounded by a mild repulsion field. (EV +2)
Your demonic aura often causes spilled blood to erupt in flames.
You are mostly covered in sharp spines.
Your touch may inflict minor irresistible damage on your foes.


Message History

A meliai is nearby!
There is an open door here.
Found 4 atropa-tipped darts.
The meliai buzzes angrily.
The meliai misses you. The meliai misses you.
The meliai hits you from afar with a +0 trident!
There is an open door, spattered with blood here.
The meliai hits you from afar with a +0 trident!
The meliai mumbles some strange prayers to its god against you.
Something smites you!
The meliai calls down the wrath of its god upon you.
Something smites you!
The meliai hits you from afar with a +0 trident!
The meliai calls down the wrath of its god upon you.
Something smites you! The meliai hits you with a +0 trident!
* * * LOW HITPOINT WARNING * * *
The meliai barely misses you. The meliai closely misses you. x2
There is an open door, spattered with blood here.
You closely miss the meliai. The meliai barely misses you. x2
The meliai is struck by your spines. The meliai hits you but does no damage.
The meliai barely misses you.
You hit the meliai. You burn the meliai.
The meliai is moderately wounded.
The meliai hits you with a +0 trident!
* * * LOW HITPOINT WARNING * * *
The meliai stings you.
* * * LOW HITPOINT WARNING * * *
You are poisoned.
The meliai poisons you!
Your skin crawls.
You feel strong-willed.
You feel very sick. The meliai hits you with a +0 trident!
* * * LOW HITPOINT WARNING * * *
The meliai misses you.
The meliai mumbles some strange prayers to its god against you.
Something smites you!
You die...

#.....# ####'## ##########
#..# # ...).....# ##.# #
.........# #.# #
.........# #######.######
.(.......# #............'
.........####.#####.######
........y@....# #.# #
.........###### #.# #
.........# #.## #
.......... #..# #
#######'##. ##.# ..# #.
#.# #####... #.# .P.# #.#
... #.#


You could see a meliai.

Vanquished Creatures
  A catoblepas (D:14)
  3 centaur warriors (D:14)
  3 boulder beetles
  A hydra (D:14)
  A two-headed ogre (D:7)
  4 tengu warriors
  2 necromancers (D:14)
  A manticore (D:13)
  6 ugly things
  4 cyclopes
  A centaur zombie (D:10)
  A gargoyle (D:8)
  Maggie (D:6)
  An unseen horror zombie (D:10)
  A rime drake (D:9)
  2 meliai (D:14)
  7 trolls
  A hornet (shapeshifter) (D:13)
  A hornet (D:8)
  3 slime creatures (D:13)
  6 wraiths
  A shadow (D:10)
  A spriggan (D:12)
  3 wyverns
  5 yaks (D:11)
  3 vampires
  2 vampire mosquitoes (D:8)
  A steam dragon (D:10)
  An acid dragon (D:12)
  A water moccasin (D:6)
  5 orc warriors
  A black bear (D:7)
  2 ice beasts (D:9)
  A sky beast (D:8)
  A wolf (D:9)
  10 centaurs
  2 ogres
  3 kobold brigands
  8 bullfrogs
  4 gnoll sergeants
  4 scorpions
  5 wights (D:5)
  10 killer bees
  4 howler monkeys
  A jelly (D:8)
  A hound (D:5)
  6 orc priests
  3 gnoll boudas
  3 iron imps (D:8)
  2 sleepcaps (D:5)
  3 iguanas
  13 orc wizards
  A howler monkey zombie (D:10)
  8 adders
  28 gnolls
  A river rat (D:4)
  A shadow imp (D:6)
  An ufetubus (D:7)
  5 worms
  5 dart slugs
  29 orcs
  4 endoplasms
  2 giant cockroaches
  8 goblins
  8 hobgoblins
  2 jackals (D:5)
  3 quokkas
  7 ball pythons
  9 bats
  5 frilled lizards
  29 kobolds
  5 rats
322 creatures vanquished.

Vanquished Creatures (collateral kills)
  A centaur warrior (D:13)
  2 centaurs (D:13)
3 creatures vanquished.

Vanquished Creatures (others)
  A hobgoblin (D:2)
1 creature vanquished.

Grand Total: 326 creatures vanquished

Notes
Turn   | Place    | Note
-------+----------+-------------------------------------------
     0 | D:1      | lonewolfV2 the Demonspawn Berserker began the quest for the
                  | Orb.
     0 | D:1      | Reached XP level 1. HP: 18/18 MP: 1/1
   256 | D:1      | Gained mutation: You are partially covered in sharp spines.
                  | [demonic ancestry]
   256 | D:1      | Reached XP level 2. HP: 11/24 MP: 2/2
  1260 | D:2      | Gained mutation: You are mostly covered in sharp spines.
                  | [demonic ancestry]
  1260 | D:2      | Reached XP level 3. HP: 19/29 MP: 3/3
  1284 | D:2      | Reached XP level 4. HP: 29/36 MP: 4/4
  1563 | D:2      | Reached ** piety under Trog
  2151 | D:3      | Reached skill level 1 in Stealth
  2155 | D:3      | Gained mutation: Your touch may inflict minor irresistible
                  | damage on your foes. [demonic ancestry]
  2155 | D:3      | Reached XP level 5. HP: 37/42 MP: 5/5
  2411 | D:3      | Reached XP level 6. HP: 45/48 MP: 6/6
  3041 | D:4      | Reached skill level 5 in Axes
  3127 | D:4      | Found a stormy altar of Qazlal.
  3136 | D:4      | Found a hazy altar of Hepliaklqana.
  3357 | D:4      | Found a glowing drain.
  3367 | Sewer    | Entered a sewer
  3462 | Sewer    | Reached *** piety under Trog
  4232 | D:5      | Entered Level 5 of the Dungeon
  4261 | D:5      | Identified the staff of earth "Nure" {rPois Str+3}
  4299 | D:5      | Identified the +12 quarterstaff of Jifu {flame, *Noise
                  | rPois SInv}
  4358 | D:5      | Reached XP level 7. HP: 39/55 MP: 7/7
  4371 | D:5      | Reached skill level 1 in Staves
  4621 | D:5      | Reached skill level 2 in Staves
  4662 | D:5      | Found Tumeh's Book Shoppe.
  4662 | D:5      | Found Uski's Distillery.
  4664 | D:5      | Found Nugg's Book Shoppe.
  4881 | D:5      | Gained mutation: You are surrounded by a mild repulsion
                  | field. (EV +2) [demonic ancestry]
  4881 | D:5      | Reached XP level 8. HP: 61/61 MP: 8/8
  5162 | D:6      | Noticed Maggie
  5214 | D:6      | Killed Maggie
  5215 | D:6      | Reached skill level 5 in Fighting
  5215 | D:6      | Reached skill level 3 in Staves
  5666 | D:6      | Found a staircase to the Ecumenical Temple.
  5683 | D:6      | Reached **** piety under Trog
  5928 | D:6      | Reached skill level 4 in Staves
  6987 | D:7      | Reached skill level 5 in Staves
  6987 | D:7      | Gained mutation: Your demonic aura sometimes causes spilled
                  | blood to erupt in flames. [demonic ancestry]
  6987 | D:7      | Reached XP level 9. HP: 48/68 MP: 9/9
  7340 | D:7      | Noticed a two-headed ogre
  7344 | D:7      | Killed a two-headed ogre
  7345 | D:7      | Reached skill level 5 in Stealth
  7410 | D:7      | Upgraded the game from 0.30.1-6-gbe392663c4 to
                  | 0.30.1-9-gdf580d7c3d
  7468 | D:7      | Reached skill level 6 in Staves
  7473 | D:7      | Reached skill level 5 in Dodging
  8074 | D:8      | Found a burning altar of Makhleb.
  8383 | D:8      | Reached skill level 7 in Staves
  8496 | D:8      | Noticed a tengu warrior
  8497 | D:8      | Reached XP level 10. HP: 45/77 MP: 10/10
  8513 | D:8      | Killed a tengu warrior
  8609 | D:8      | Identified the amulet "Mocwikha" {Spirit +Inv rPois Will+
                  | Int-5}
  8613 | D:8      | Reached skill level 8 in Staves
  8622 | D:8      | Noticed a gargoyle
  8639 | D:8      | Killed a gargoyle
  8988 | D:9      | Noticed a tengu warrior
  8990 | D:9      | Noticed arthad's ghost (journeyman GnWn)
  9000 | D:9      | Found a bloodstained altar of Trog.
  9001 | D:9      | Noticed a two-headed ogre
  9002 | D:9      | Noticed a moth of wrath
  9006 | D:9      | Found a transporter.
  9352 | D:9      | Found a staircase to the Lair.
  9594 | D:9      | Reached skill level 9 in Staves
  9690 | D:9      | Found a transporter.
  9835 | D:10     | Entered Level 10 of the Dungeon
  9918 | D:10     | Found a staircase to the Orcish Mines.
 10017 | D:10     | Found a flagged portal.
 10057 | D:10     | Gained mutation: Your demonic aura often causes spilled
                  | blood to erupt in flames. [demonic ancestry]
 10057 | D:10     | Reached XP level 11. HP: 81/86 MP: 8/11
 10178 | D:10     | Found an iron altar of Okawaru.
 10755 | D:11     | Identified a scroll of acquirement
 10756 | D:11     | Acquired the +2 pair of gloves of Sin {rC+}
 10815 | D:11     | Found Zum Avytz's General Store.
 11014 | D:11     | Reached ***** piety under Trog
 11015 | D:11     | Reached skill level 10 in Staves
 12342 | D:12     | Found Guiriyl's Antique Weapon Boutique.
 12863 | D:13     | Noticed a centaur warrior
 12864 | D:13     | Noticed a white ugly thing
 12874 | D:13     | Killed a centaur warrior
 12880 | D:13     | Killed a white ugly thing
 13019 | D:13     | Reached skill level 11 in Staves
 13035 | D:13     | Noticed a tengu warrior
 13037 | D:13     | Noticed a tengu warrior
 13047 | D:13     | Killed a tengu warrior
 13050 | D:13     | Killed a tengu warrior
 13051 | D:13     | Reached XP level 12. HP: 64/97 MP: 6/12
 13271 | D:13     | Noticed a boulder beetle
 13295 | D:13     | Killed a boulder beetle
 13849 | D:13     | Noticed a boulder beetle
 13860 | D:13     | Killed a boulder beetle
 14533 | D:14     | Noticed a centaur warrior
 14541 | D:14     | Noticed a centaur warrior
 14542 | D:14     | Noticed a tengu warrior
 14548 | D:14     | HP: 4/97 [centaur warrior/arrow (25)]
 14549 | D:14     | Killed a centaur warrior
 14550 | D:14     | Reached skill level 10 in Fighting
 14555 | D:14     | Noticed a centaur warrior
 14557 | D:14     | Killed a centaur warrior
 14562 | D:14     | Killed a tengu warrior
 14569 | D:14     | Killed a centaur warrior
 14572 | D:14     | Reached skill level 12 in Staves
 14854 | D:14     | Noticed a catoblepas
 14858 | D:14     | Found a gate to the Vaults.
 14871 | D:14     | Killed a catoblepas
 14874 | D:14     | HP: 3/98 [meliai/+0 hand axe (6)]
 14875 | D:14     | HP: 1/98 [meliai/+0 hand axe (1)]
 15168 | D:14     | Noticed a four-headed hydra
 15175 | D:14     | Killed a four-headed hydra
 15391 | D:14     | Noticed a boulder beetle
 15409 | D:14     | Killed a boulder beetle
 15801 | D:14     | Killed from afar by a meliai

Illustrated notes

Levels and vault maps discovered:
D:1:      dpeg_arrival_solitude, layout_basic, serial_forest,
          infiniplex_forest_lined_room_3, infiniplex_forest_zigzag_1,
          infiniplex_forest_end_1, infiniplex_forest_diagonal,
          infiniplex_forest_join, infiniplex_forest_clump_long, chequers_garden,
          minmay_tromino_mix6
D:2:      layout_loops_ring
D:3:      layout_loops_ring, kennysheep_generic_room_8
D:4:      layout_loops_ring, grunt_temple_overflow_diamond,
          lightli_sewer_entry_pipes, serial_aquarium,
          aquarium_bridge_island_large [aquarium_subvault_large_open,
          aquarium_subvault_bridge, aquarium_subvault_wall,
          aquarium_subvault_window, aquarium_subvault_bridge],
          aquarium_window_fake, aquarium_window_1, aquarium_view_2c,
          aquarium_pool_1
D:5:      layout_basic, nicolae_shop_distant_corner_stores, due_unseen_surprise
D:6:      layout_basic, minmay_temple_entry_sparse_star, serial_aquarium,
          aquarium_bridge_square [aquarium_subvault_bridge,
          aquarium_subvault_wall, aquarium_subvault_window,
          aquarium_subvault_bridge], aquarium_window_fake, aquarium_window_fake,
          aquarium_window_3, aquarium_window_2, aquarium_view_2c,
          aquarium_view_2b, aquarium_pool_2, uniq_maggie
D:7:      layout_rooms
D:8:      layout_rooms, demons_altar, minmay_pinched_square
D:9:      layout_irregular_city, hellmonk_lair_entry_icy,
          gammafunk_ghost_wrathful_warriors, grunt_ministairs_5
D:10:     layout_rooms, okawaru_ov_weapons_minmay, enter_bailey_4,
          serial_undead, serial_undead_a, serial_undead_e, serial_undead_e,
          serial_undead_e
D:11:     layout_long_grid, serial_shops, nicolae_shop_behind_doors,
          nicolae_benzene_ring, minmay_misc_feat_alley
D:12:     layout_basic, serial_shops, shop_statue, the_hattery
D:13:     layout_layer_cave, minivault_5
D:14:     layout_roguey, david_vaults_1, elyvilon_altar_1

Skill      XL: |  1  2  3  4  5  6  7  8  9 10 11 12 |
---------------+-------------------------------------+-----
Axes           | 3 4 5 6 |  6.2
Dodging        | 2 3 4 5 6 8 9 |  9.3
Armour         | 2 |  2.0
Stealth        | 1 2 3 4 5 6 7 |  7.1
Fighting       | 4 5 6 8 9 11 | 11.0
Staves         | 2 5 7 9 11 12 | 12.8

Action                     |  1- 3 |  4- 6 |  7- 9 | 10-12 || total
---------------------------+-------+-------+-------+-------++-------
  Melee: Hand axe          |    79 |   102 |       |       ||   181
         Punch             |     1 |     1 |       |       ||     2
         Touch             |       |    11 |       |       ||    11
         Quarterstaff      |       |     5 |   116 |   288 ||   409
 Invoke: Berserk           |     1 |     1 |     3 |     6 ||    11
         Trog's Hand       |       |     1 |     3 |    15 ||    19
         Brothers in Arms  |       |       |       |     2 ||     2
    Use: Scroll            |     6 |    11 |     7 |     6 ||    30
         Potion            |       |       |       |    11 ||    11
   Stab: Sleeping          |       |     4 |     3 |     4 ||    11
 Armour: Animal skin       |     5 |     3 |    10 |    36 ||    54
  Dodge: Dodged            |    54 |    52 |   122 |   344 ||   572
